 Dungeon Crawl Stone Soup version 0.22.1-1-ga44c0e56f4 (webtiles) character file.

55 spiegeleixxl the Skirmisher (level 3, -1/29 HPs)
             Began as a Demonspawn Fighter on Sept 27, 2018.
             Slain by an adder (2 damage)
             ... on level 2 of the Dungeon.
             The game lasted 00:05:12 (1067 turns).

spiegeleixxl the Skirmisher (Demonspawn Fighter)    Turns: 1067, Time: 00:05:12

Health: -1/29      AC:  9    Str: 18    XL:     3   Next: 67%
Magic:  3/3        EV:  7    Int:  7    God:
Gold:   93         SH:  9    Dex: 13    Spells: 2/2 levels left

rFire    . . .     SeeInvis .   a - +0 rapier
rCold    . . .     Gourm    .   c - +0 shield
rNeg     . . .     Faith    .   b - +0 scale mail
rPois    .         Spirit   .   (helmet restricted)
rElec    .         Reflect  .   (no cloak)
rCorr    .         Harm     .   e - +0 pair of gloves
MR       +....                  (no boots)
Stlth    ..........             i - amulet of inaccuracy (curse)
HPRegen  0.09/turn              (no ring)
MPRegen  0.08/turn              (no ring)

@: no status effects
A: antennae 1, demonic guardian 1, dopey 1, magic resistance 1, shaggy fur 1,
strong 1
a: no special abilities


You were on level 2 of the Dungeon.
You were not hungry.

You visited 1 branch of the dungeon, and saw 2 of its levels.

You collected 93 gold pieces.

Inventory:

Hand Weapons
 a - a +0 rapier (weapon)
Missiles
 h - 6 needles of confusion
Armour
 b - a +0 scale mail (worn)
 c - a +0 shield (worn)
 e - a +0 pair of gloves (worn)
Jewellery
 i - a cursed amulet of inaccuracy (around neck)
Scrolls
 g - a scroll of teleportation
Potions
 d - a potion of might
Comestibles
 f - 2 rations


   Skills:
 + Level 3.3 Fighting
 + Level 2.3 Short Blades
 + Level 3.2 Armour
 + Level 0.2 Dodging
 + Level 3.2 Shields


You had 2 spell levels left.
You didn't know any spells.
Your spell library was empty.

Dungeon Overview and Level Annotations

Branches:
Dungeon (2/15)

Altars:
The Shining One


Innate Abilities, Weirdness & Mutations

You have a pair of small antennae on your head.
A weak demonic guardian rushes to your aid.
You are dopey. (Int -2)
You are resistant to hostile enchantments. (MR+)
You are covered in fur. (AC +1)
Your muscles are strong. (Str +2)


Message History

You hit the adder.
The adder is moderately wounded.
The adder bites you but does no damage.
You completely miss the adder.
The adder is moderately wounded.
The adder barely misses you. The adder bites you.
* * * LOW HITPOINT WARNING * * *
You miss the adder.
The adder is moderately wounded.
* * * LOW HITPOINT WARNING * * *
You feel sick. You block the adder's attack.
You closely miss the adder.
The adder is moderately wounded.
The adder closely misses you. The adder bites you but does no damage.
* * * LOW HITPOINT WARNING * * *
You feel sick.
You are no longer poisoned.
You block the adder's attack. The adder bites you.
You die...

... ####
..#####...##
..........#
#####........
#...+.......
#..$#.....# .####
#...#.....#
......#.........+
............S@..#
#.....##.#......#
+.... ...#......#
#.....####......#
.# #....
#†#######..# #...
#..........# # .
#.....####.##.
##.##.#<......
#.#....#.#


You could see an adder.

Vanquished Creatures
  An adder (D:2)
  An ooze (D:1)
  A worm (D:2)
  A dart slug (D:2)
  2 leopard geckos (D:1)
  3 bats (D:1)
  A giant cockroach (D:1)
  5 goblins (D:1)
  4 hobgoblins
  3 jackals (D:1)
  A quokka (D:2)
  5 frilled lizards (D:1)
  2 kobolds
  3 rats
33 creatures vanquished.

Notes
Turn   | Place    | Note
-------+----------+-------------------------------------------
     0 | D:1      | spiegeleixxl the Demonspawn Fighter began the quest for the
                  | Orb.
     0 | D:1      | Reached XP level 1. HP: 18/18 MP: 1/1
    81 | D:1      | Gained mutation: A weak demonic guardian rushes to your
                  | aid. [demonic ancestry]
    81 | D:1      | Reached XP level 2. HP: 24/24 MP: 2/2
   200 | D:1      | Found a glowing golden altar of the Shining One.
   512 | D:1      | Gained mutation: You have a pair of small antennae on your
                  | head. [demonic ancestry]
   512 | D:1      | Reached XP level 3. HP: 25/29 MP: 3/3
   831 | D:2      | Gained mutation: You are covered in fur. (AC +1) [potion of
                  | mutation]
   831 | D:2      | Gained mutation: You are dopey. (Int -2) [potion of
                  | mutation]
   831 | D:2      | Gained mutation: You are resistant to hostile enchantments.
                  | (MR+) [potion of mutation]
   831 | D:2      | Gained mutation: Your muscles are strong. (Str +2) [potion
                  | of mutation]
  1064 | D:2      | HP: 1/29 [poisoned by an adder]
  1067 | D:2      | Slain by an adder

Skill      XL: |  1  2 |
---------------+-------+-----
Shields        | 3 |  3.2
Armour         | 3 |  3.2
Short Blades   | 2 |  2.3
Fighting       | |  3.3
Dodging        | |  0.2

Action                   || total
-------------------------++-------
Melee: Rapier            ||   144
  Use: Scroll            ||     4
       Potion            ||     2
  Eat: Ration            ||     1
Armor: Scale mail        ||    70
Dodge: Dodged            ||    31
Block: Shield            ||    57
